Map: Blackburn LE

Players

ViBE - Winner!

  • Race: Zerg Zerg
  • League: Diamond

obAmAsmAmA

  • Race: Zerg Zerg
  • League: Diamond

VOD

Have the link to the VOD?

Description

Time

  • Played on: April 9, 2021, 1:08 a.m.
  • Length: 11:49
Show
View Real Time Build Order
Export as new Build Order

ViBE Zerg - Winner!

Build Orders: Hatch First, Roach Hydra 

Get SALT Encoding   

  12  0:00  Drone  
  13  0:14  Overlord  
  13  0:17  Drone  
  14  0:32  Drone x2  
  16  0:52  Hatchery  
  15  0:58  Drone x2  
  15  1:00  Drone  
  18  1:18  Spawning Pool, Drone  
  17  1:22  Drone  
  19  1:31  Drone  
  19  1:32  Extractor  
  19  1:46  Drone  
  20  1:55  Overlord  
  20  2:05  Queen  
  20  2:06  Queen  
  20  2:07  Drone  
  20  2:08  Drone  
  26  2:18  Overlord  
  26  2:22  Drone  
  27  2:35  Drone  
  27  2:36  Drone x2  
  30  2:39  Drone  
  30  2:42  Lair  
  31  2:47  Queen, Drone  
  31  2:48  Drone  
  35  2:57  Drone  
  35  2:59  Drone  
  36  3:08  Drone x2  
  38  3:14  Overlord  
  38  3:17  Drone x5  
  43  3:24  Roach Warren, Evolution Chamber  
  41  3:30  Drone x2  
  43  3:40  Evolution Chamber  
  42  3:52  Drone x8  
  50  3:56  Evolution Chamber  
  47  4:05  Extractor x2  
  47  4:06  Roach x3  
  51  4:19  Glial Reconstitution  
  51  4:20  Zerg Missile Weapons Level 1  
  51  4:26  Overlord  
  51  4:28  Overlord  
  51  4:32  Overlord x2  
  51  4:33  Overlord  
  51  4:44  Queen  
  53  4:46  Roach x3  
  53  4:47  Roach  
  61  4:58  Roach x3  
  67  5:10  Roach x2  
  71  5:22  Roach  
  71  5:23  Roach x4  
  71  5:24  Drone  
  82  5:34  Hatchery  
  81  5:37  Drone x3  
  84  5:49  Drone x7  
  91  6:00  Drone  
  92  6:14  Zerg Missile Weapons Level 2  
  92  6:15  Zerg Ground Armor Level 1  
  92  6:18  Drone, Hydralisk Den  
  91  6:19  Overlord  
  91  6:20  Overlord x4  
  92  6:27  Extractor  
  91  6:36  Drone  
  91  6:37  Queen  
  91  6:38  Drone x5  
  99  6:46  Drone  
  99  6:47  Drone x6  
  106  6:48  Grooved Spines  
  106  7:03  Extractor  
  106  7:04  Extractor  
  106  7:05  Drone x3  
  106  7:06  Hatchery  
  106  7:09  Drone x3  
  106  7:13  Overlord x2  
  109  7:17  Hydralisk x3  
  115  7:30  Hydralisk x3  
  121  7:40  Drone x11  
  121  7:41  Drone  
  133  8:00  Muscular Augments  
  133  8:01  Drone  
  133  8:02  Drone x5  
  139  8:11  Overlord x5  
  139  8:23  Hydralisk x2  
  139  8:24  Hydralisk x4  
  151  8:30  Overlord  
  151  8:32  Roach x5  
  161  8:46  Roach x9  
  179  8:56  Hydralisk x6  
  179  8:57  Zerg Ground Armor Level 2  
  191  9:03  Extractor  
  191  9:05  Extractor  
  191  9:09  Drone x2  
  191  9:12  Hatchery, Roach x4  
  191  9:15  Overseer  
  162  10:42  Infestation Pit  
  157  10:48  Drone x2  
  157  10:49  Hydralisk x11  
  161  10:50  Hydralisk x4  
  161  10:52  Overlord x2  
  189  10:58  Drone  
  184  11:18  Roach  
  184  11:19  Roach x8  
  142  11:48  Extractor  
Show
View Real Time Build Order
Export as new Build Order

obAmAsmAmA Zerg 

Build Orders: Hatch First, Lurkers 

Get SALT Encoding   

  12  0:00  Drone  
  13  0:12  Overlord  
  13  0:16  Drone  
  14  0:30  Drone x2  
  14  0:34  Drone  
  17  0:54  Hatchery  
  17  0:55  Drone  
  17  0:58  Drone  
  18  1:08  Extractor  
  17  1:13  Spawning Pool  
  17  1:16  Drone  
  17  1:19  Drone  
  18  1:27  Drone  
  19  1:38  Drone  
  20  2:01  Zergling x4  
  22  2:05  Queen  
  22  2:06  Overlord  
  22  2:07  Queen  
  26  2:11  Metabolic Boost  
  26  2:14  Zergling x2  
  27  2:24  Drone x2  
  27  2:29  Drone  
  30  2:33  Drone  
  31  2:39  Baneling Nest  
  31  2:41  Queen  
  31  2:44  Overlord  
  32  2:53  Drone  
  32  2:54  Drone x2  
  33  3:00  Drone  
  34  3:10  Overlord  
  34  3:15  Zergling x2  
  34  3:16  Zergling x10  
  34  3:18  Zergling x2  
  41  3:27  Baneling  
  41  3:35  Zergling x8  
  45  3:45  Baneling x2  
  45  3:47  Zergling x4  
  45  4:07  Drone x6  
  50  4:16  Overlord  
  50  4:19  Extractor  
  50  4:20  Hatchery  
  50  4:21  Extractor  
  50  4:22  Roach Warren, Drone x3  
  50  4:23  Drone  
  50  4:26  Drone  
  50  4:28  Overlord  
  51  4:36  Evolution Chamber  
  51  4:37  Drone  
  51  4:38  Drone x2  
  53  4:43  Drone  
  54  4:50  Drone x3  
  54  4:51  Drone  
  58  4:55  Drone  
  58  4:56  Drone  
  58  4:58  Drone x2  
  58  4:59  Drone  
  63  5:04  Zerg Missile Weapons Level 1  
  62  5:10  Drone x2  
  62  5:41  Drone  
  62  5:42  Queen, Drone x7  
  72  5:46  Lair  
  72  5:47  Overlord  
  72  5:48  Overlord x3  
  72  5:58  Drone x2  
  72  6:01  Extractor  
  66  6:30  Extractor, Drone x4  
  66  6:31  Roach x2  
  66  6:32  Roach x6  
  85  6:42  Extractor  
  85  6:43  Glial Reconstitution  
  85  6:45  Roach x8  
  100  6:56  Spine Crawler  
  100  6:59  Overlord  
  100  7:00  Overlord x2  
  99  7:05  Ravager  
  99  7:06  Ravager x3  
  103  7:09  Overlord x2  
  103  7:14  Drone x2  
  105  7:18  Overlord x2  
  105  7:19  Hydralisk Den  
  105  7:21  Zerg Missile Weapons Level 2  
  104  7:27  Drone x2  
  104  7:28  Drone x4, Evolution Chamber  
  109  7:32  Spore Crawler  
  109  7:33  Spore Crawler  
  109  7:34  Drone  
  109  7:35  Drone x2  
  110  7:48  Hatchery  
  110  7:50  Hydralisk  
  110  7:51  Grooved Spines, Hydralisk x9  
  129  8:06  Zerg Ground Armor Level 1  
  129  8:23  Infestation Pit  
  128  8:28  Hatchery  
  128  8:29  Drone x3  
  128  8:31  Queen x3, Spire  
  135  8:41  Overseer  
  135  8:45  Drone x2  
  135  8:46  Drone x9  
  146  8:50  Extractor  
  146  8:51  Extractor  
  144  9:01  Drone x3  
  144  9:02  Drone x3  
  150  9:03  Drone x4  
  150  9:05  Overlord x2  
  150  9:06  Queen  
  150  9:07  Drone x2  
  158  9:14  Hive  
  158  9:15  Hydralisk  
  158  9:16  Roach  
  164  9:17  Roach  
  164  9:28  Lurker Den  
  163  9:34  Spine Crawler  
  163  9:35  Spore Crawler, Spine Crawler  
  163  9:36  Swarm Host  
  163  9:37  Drone x5  
  168  9:42  Spore Crawler  
  168  9:43  Spore Crawler, Drone x3  
  168  9:44  Drone x3, Spine Crawler x2  
  170  9:49  Spore Crawler x2  
  170  9:51  Spine Crawler  
  167  10:11  Overlord x5  
  152  10:28  Hydralisk x8  
  136  10:29  Hydralisk x5  
  127  10:39  Hydralisk  
  127  10:40  Hydralisk x5  
  119  10:50  Overlord  
  119  10:51  Overlord  
  119  10:56  Lurker x4  
Tags
 
Add a new tag
Caveats
  • Supply blocks, unpowered buildings, or Contaminate may cause inaccurate times.
  • Supply counts are checked every 10 seconds.